 Dungeon Sprint DCSS version 0.18.1-6-gd335043 (webtiles) character file.

16500000 Groucho the Axe Maniac (level 27, -50/320 (323) HPs)
             Began as a Demonspawn Gladiator on May 18, 2016.
             Was the Champion of Makhleb.
             Annihilated by a fleshlord
             ... wielding a +9 great mace
              (79 damage)
             ... in the Dungeon (Sprint VIII: "Arena of Blood").
             The game lasted 00:12:13 (165 turns).

Groucho the Axe Maniac (Demonspawn Gladiator)        Turns: 165, Time: 00:12:14

HP:   -50/320 (323) AC: 12    Str: 18    XL:     27
MP:   47/54         EV: 36    Int: 11    God:    Makhleb [******]
Gold: 0             SH:  0    Dex: 23    Spells: 0 memorised, 80 levels left

rFire  + . .     SeeInvis .     l - +∞ Axe of Woe
rCold  . . .     Gourm    .     b - +0 leather armour
rNeg   . . .     Faith    .     (shield currently unavailable)
rPois  .         Spirit   .     c - +0 helmet
rElec  .         Dismiss  .     (no cloak)
rCorr  .         Reflect  .     (no gloves)
SustAt .         Harm     .     (boots unavailable)
MR     ++...     NoTele   +     (no amulet)
Stlth  +++++++++.               o - +250 ring of slaying
                                r - +250 ring of slaying

@: lethally poisoned (-50 -> -84), very slightly contaminated, slowed, very
slow, very resistant to hostile enchantments, incredibly stealthy
A: talons 3, molten scales 3, demonic guardian 3, robust 3, spiny 3
a: Minor Destruction, Lesser Servant of Makhleb, Major Destruction, Greater
Servant of Makhleb, Renounce Religion


You were in the Dungeon.
You worshipped Makhleb.
Makhleb was exalted by your worship.
You were not hungry.

You visited 1 branch

Inventory:

Hand Weapons
 a - a +0 war axe
 l - the +∞ Axe of Woe (weapon)
   (You found it in the Dungeon)
Missiles
 d - 3 throwing nets (quivered)
Armour
 b - a +0 leather armour (worn)
 c - a +0 helmet (worn)
Jewellery
 g - a +200 ring of slaying
 h - a +200 ring of slaying
 m - a +200 ring of slaying
 n - a +100 ring of slaying
 o - a +250 ring of slaying (right hand)
 p - a +200 ring of slaying
 q - a +100 ring of slaying
 r - a +250 ring of slaying (left hand)
 s - a +200 ring of slaying
 t - a +200 ring of slaying
 u - a +200 ring of slaying
 v - a +250 ring of slaying
 w - a +30 ring of slaying
 x - a +30 ring of slaying
 y - a +30 ring of slaying
 z - a +30 ring of slaying
 A - a +30 ring of slaying
 B - a +30 ring of slaying
 C - a +30 ring of slaying
 D - a +30 ring of slaying
 E - a +30 ring of slaying
 F - a +100 ring of slaying
 G - a +30 ring of slaying
 H - a +100 ring of slaying
 I - a +100 ring of slaying
 J - a +100 ring of slaying
 K - a +200 ring of slaying
 L - a +250 ring of slaying
 M - a +250 ring of slaying
 N - a +200 ring of slaying
 O - a +250 ring of slaying
 P - a +100 ring of slaying
 Q - a +200 ring of slaying
 R - a +200 ring of slaying
 S - a +200 ring of slaying
 T - a +250 ring of slaying
 U - a +100 ring of slaying
 V - a +100 ring of slaying
Scrolls
 k - a scroll of blinking
Potions
 e - a potion of curing
 i - 2 potions of magic
 j - a potion of berserk rage
Comestibles
 f - a bread ration


   Skills:
 O Level 27 Fighting
 O Level 27 Axes
 O Level 27 Throwing
 O Level 27 Armour
 O Level 27 Dodging
 O Level 27 Stealth
 O Level 27 Unarmed Combat
 O Level 27 Spellcasting
 O Level 27 Invocations


You had 80 spell levels left.
You didn't know any spells.

Dungeon Overview and Level Annotations

Branches:
Dungeon (1/1)

Altars:
Makhleb

Annotations:
D The Defiler, The Meatlord


Innate Abilities, Weirdness & Mutations

You have claws for feet.
You are completely covered in molten scales (AC +4, EV -1, rF+).
A powerful demonic guardian rushes to your aid.
You are extremely robust (+30% HP).
You are completely covered in sharp spines.


Message History

The meat berserker dies!
The blast of lightning engulfs you!
* * * LOW HITPOINT WARNING * * *
The blast of lightning engulfs the destroyer.
The blast of lightning engulfs the small abomination.
The blast of lightning engulfs the dread.
The blast of lightning engulfs the crawling corpse.
The blast of lightning engulfs the ball lightning.
The ball lightning completely resists.
The blast of lightning engulfs the dread.
The blast of lightning engulfs the crawling corpse.
The blast of lightning engulfs the fleshlord.
The blast of lightning engulfs the large abomination.
The eight-headed meat hydra calls on the powers of darkness!
The eight-headed meat hydra convulses!
The bag of meat convulses! x3
The fleshlord convulses!
The Defiler convulses!
The scourge convulses!
The fleshlord convulses!
Your body is wracked with pain!
* * * LOW HITPOINT WARNING * * *
The fleshlord hits you with a +9 great mace!!!!
You die... .... .... .oDoz..oS

#..p....# O
#*2...x.# .
O.###.@*..SX###..
...O.W%#W#xpx.D%.
....M*&)*))......
...#***)x#.§...
#_Wx@_# #.Vx)p#
....oxX)x)Dz.....
.....o2###.......
..###.L ...###..
. #.. ...# . #..
...# ... .....


SD.. .... You could see The Meatlord, an accursed, 2 meat beasts, a tyrant, 3
eight-headed meat hydras, a destroyer, 2 scourges, 3 fleshlords, 2 sculptors of
flesh, 2 large abominations, The Defiler, 3 dreads, a meat berserker (berserk),
2 small abominations, 5 bags of meat, 6 crawling corpses and 7 ball lightnings.

Vanquished Creatures
  6 hell knights (D)
  11 hell beasts (D)
  5 greater mummies (D)
  3 great orbs of eyes (D)
  5 wraiths (D)
  17 vampire knights (D)
  45 ogres (D)
  8 liches (D)
  5 hydras (D)
  65 orcs (D)
  3 phantoms (D)
  9 hill giants (D)
  7 skeletal warriors (D)
  2 sea snakes (D)
  8 large abominations (D)
  3 small abominations (D)
  2 ball lightnings (D)
  5 crawling corpses (D)
209 creatures vanquished.

Vanquished Creatures (collateral kills)
  A hydra (D)
1 creature vanquished.

Vanquished Creatures (others)
  An ogre (D)
  A hydra (D)
  5 orcs (D)
  A sea snake (D)
  2 ball lightnings (D)
  8 crawling corpses (D)
18 creatures vanquished.

Grand Total: 228 creatures vanquished

Notes
Turn   | Place    | Note
--------------------------------------------------------------
     0 | D        | Groucho the Demonspawn Gladiator began the quest for the Orb.
     0 | D        | Reached XP level 1. HP: 16/16 MP: 1/1
     3 | D        | Noticed a bag of meat
     4 | D        | Became a worshipper of Makhleb the Destroyer
     6 | D        | Noticed a bag of meat
     6 | D        | Noticed a meat berserker
     6 | D        | Noticed a bag of meat
     9 | D        | Noticed a bag of meat
     9 | D        | Killed a bag of meat
     9 | D        | Reached skill level 10 in Fighting
     9 | D        | Gained mutation: A weak demonic guardian rushes to your aid. [demonic ancestry]
     9 | D        | Reached XP level 2. HP: 36/36 MP: 2/2
     9 | D        | Gained mutation: You are partially covered in sharp spines. [demonic ancestry]
     9 | D        | Reached XP level 3. HP: 42/42 MP: 3/3
     9 | D        | Gained mutation: You are mostly covered in sharp spines. [demonic ancestry]
     9 | D        | Reached XP level 4. HP: 49/49 MP: 4/4
     9 | D        | Gained mutation: You are partially covered in molten scales (AC +1). [demonic ancestry]
     9 | D        | Reached XP level 5. HP: 54/54 MP: 5/5
     9 | D        | Reached XP level 6. HP: 61/61 MP: 6/6
     9 | D        | Gained mutation: You are mostly covered in molten scales (AC +3, EV -1). [demonic ancestry]
     9 | D        | Reached XP level 7. HP: 67/67 MP: 7/7
     9 | D        | Gained mutation: You have sharp toenails. [demonic ancestry]
     9 | D        | Reached XP level 8. HP: 74/74 MP: 8/8
     9 | D        | Gained mutation: You have razor-sharp toenails. [demonic ancestry]
     9 | D        | Reached XP level 9. HP: 79/79 MP: 9/9
     9 | D        | Gained mutation: You are completely covered in molten scales (AC +4, EV -1, rF+). [demonic ancestry]
     9 | D        | Reached XP level 10. HP: 86/86 MP: 10/10
     9 | D        | Gained mutation: A demonic guardian rushes to your aid. [demonic ancestry]
     9 | D        | Reached XP level 11. HP: 92/92 MP: 11/11
    10 | D        | Noticed a bag of meat
    10 | D        | Noticed a meat berserker
    10 | D        | Killed a meat berserker
    10 | D        | Reached * piety under Makhleb
    10 | D        | Gained mutation: You have claws for feet. [demonic ancestry]
    10 | D        | Reached XP level 12. HP: 105/105 MP: 12/12
    10 | D        | Reached XP level 13. HP: 111/111 MP: 13/13
    11 | D        | Noticed a meat berserker
    11 | D        | Killed a bag of meat
    11 | D        | Reached XP level 14. HP: 121/121 MP: 13/18
    11 | D        | Killed a bag of meat
    11 | D        | Reached ** piety under Makhleb
    11 | D        | Reached skill level 15 in Fighting
    12 | D        | Noticed a meat berserker
    12 | D        | Noticed a meat berserker
    13 | D        | Noticed a bag of meat
    13 | D        | Killed a meat berserker
    13 | D        | Gained mutation: You are robust (+10% HP). [demonic ancestry]
    13 | D        | Reached XP level 15. HP: 129/149 MP: 13/24
    14 | D        | Reached *** piety under Makhleb
    14 | D        | Reached skill level 10 in Stealth
    15 | D        | Noticed a meat berserker
    15 | D        | Killed a meat berserker
    15 | D        | Reached skill level 15 in Armour
    15 | D        | Reached skill level 15 in Invocations
    15 | D        | Reached XP level 16. HP: 165/165 MP: 13/27
    16 | D        | Noticed a meat berserker
    16 | D        | Killed a meat berserker
    16 | D        | Reached **** piety under Makhleb
    16 | D        | Reached XP level 17. HP: 176/176 MP: 13/29
    17 | D        | Killed a meat berserker
    17 | D        | Reached skill level 15 in Stealth
    17 | D        | Killed a meat berserker
    17 | D        | Reached XP level 18. HP: 190/190 MP: 14/32
    18 | D        | Noticed a meat berserker
    18 | D        | Noticed a meat berserker
    20 | D        | Reached ***** piety under Makhleb
    20 | D        | Reached skill level 27 in Axes
    20 | D        | Reached skill level 27 in Dodging
    21 | D        | Killed a meat berserker
    21 | D        | Reached skill level 27 in Fighting
    21 | D        | Gained mutation: A powerful demonic guardian rushes to your aid. [demonic ancestry]
    21 | D        | Reached XP level 19. HP: 207/207 MP: 14/34
    22 | D        | Noticed a meat berserker
    22 | D        | Killed a meat berserker
    23 | D        | Noticed a large bag of meat
    23 | D        | Killed a meat berserker
    23 | D        | Reached ****** piety under Makhleb
    23 | D        | Reached skill level 27 in Armour
    23 | D        | Reached skill level 27 in Stealth
    23 | D        | Reached skill level 27 in Invocations
    23 | D        | Reached skill level 1 in Unarmed Combat
    23 | D        | Reached skill level 1 in Spellcasting
    23 | D        | Reached XP level 20. HP: 216/216 MP: 15/37
    25 | D        | Noticed a meat berserker
    26 | D        | Reached skill level 15 in Unarmed Combat
    28 | D        | Noticed a destroyer
    28 | D        | Killed a meat berserker
    28 | D        | Reached XP level 21. HP: 224/224 MP: 16/46
    29 | D        | Killed a destroyer
    30 | D        | Reached skill level 27 in Unarmed Combat
    30 | D        | Reached skill level 27 in Spellcasting
    30 | D        | Gained mutation: You are very robust (+20% HP). [demonic ancestry]
    30 | D        | Reached XP level 22. HP: 224/254 MP: 16/53
    34 | D        | Noticed a destroyer
    35 | D        | Noticed a destroyer
    35 | D        | Noticed a destroyer
    35 | D        | Reached skill level 27 in Throwing
    36 | D        | Noticed a destroyer
    37 | D        | Killed a destroyer
    37 | D        | Gained mutation: You are completely covered in sharp spines. [demonic ancestry]
    37 | D        | Reached XP level 23. HP: 262/262 MP: 18/54
    38 | D        | Noticed a destroyer
    39 | D        | Killed a destroyer
    39 | D        | Killed a destroyer
    40 | D        | Noticed a destroyer
    40 | D        | Killed a destroyer
    40 | D        | Gained mutation: You are extremely robust (+30% HP). [demonic ancestry]
    40 | D        | Reached XP level 24. HP: 262/295 MP: 19/54
    42 | D        | Noticed a destroyer
    43 | D        | Killed a destroyer
    46 | D        | Killed a destroyer
    46 | D        | Reached XP level 25. HP: 304/304 MP: 20/54
    48 | D        | Noticed a tyrant
    48 | D        | Noticed a destroyer
    49 | D        | Noticed a destroyer
    52 | D        | Killed a destroyer
    52 | D        | Reached XP level 26. HP: 314/314 MP: 22/54
    52 | D        | Killed a destroyer
    52 | D        | Killed a destroyer
    52 | D        | Reached XP level 27. HP: 323/323 MP: 22/54
    53 | D        | Noticed a tyrant
    54 | D        | Noticed a destroyer
    57 | D        | Killed a tyrant
    57 | D        | Killed a destroyer
    65 | D        | Killed a tyrant
    69 | D        | Noticed an accursed
    69 | D        | Noticed a meat beast
    69 | D        | Killed a meat beast
    77 | D        | Noticed a meat beast
    79 | D        | Noticed a dread
    79 | D        | Killed a meat beast
    82 | D        | Noticed an accursed
    82 | D        | Noticed a dread
    84 | D        | Noticed a meat beast
    86 | D        | Noticed a destroyer
    86 | D        | Killed an accursed
    90 | D        | Noticed an accursed
    90 | D        | Killed a meat beast
    91 | D        | Killed a dread
    92 | D        | Killed a destroyer
    93 | D        | Noticed a meat beast
    94 | D        | Noticed a tyrant
    94 | D        | Noticed a destroyer
    95 | D        | Noticed a tyrant
    96 | D        | Noticed a dread
    97 | D        | Killed an accursed
    99 | D        | Noticed an accursed
    99 | D        | Killed a meat beast
   101 | D        | Noticed an accursed
   103 | D        | Noticed a tyrant
   103 | D        | Killed an accursed
   103 | D        | Killed a tyrant
   104 | D        | Noticed a tyrant
   105 | D        | Killed a destroyer
   106 | D        | Killed a dread
   108 | D        | Killed a tyrant
   111 | D        | Killed a dread
   112 | D        | Noticed a tyrant
   112 | D        | Noticed a destroyer
   112 | D        | Killed a tyrant
   119 | D        | Killed an accursed
   120 | D        | Killed a tyrant
   120 | D        | Killed a destroyer
   124 | D        | Killed a tyrant
   127 | D        | Noticed a destroyer
   130 | D        | Noticed a meat beast
   132 | D        | Noticed a fleshlord
   134 | D        | Noticed a meat beast
   134 | D        | Noticed a fleshlord
   135 | D        | Noticed a meat beast
   135 | D        | Noticed a destroyer
   135 | D        | Noticed a fleshlord
   135 | D        | Killed a fleshlord
   136 | D        | Noticed a dread
   136 | D        | Killed a meat beast
   137 | D        | Killed a meat beast
   140 | D        | Killed an accursed
   140 | D        | Killed a fleshlord
   141 | D        | Killed a destroyer
   142 | D        | Killed a fleshlord
   142 | D        | Killed a meat beast
   143 | D        | Noticed a destroyer
   144 | D        | Killed a dread
   146 | D        | Noticed a fleshlord
   147 | D        | Killed a destroyer
   148 | D        | Noticed a dread
   151 | D        | Noticed a fleshlord
   151 | D        | Noticed a destroyer
   151 | D        | Noticed a dread
   152 | D        | Noticed a meat beast
   152 | D        | Noticed a fleshlord
   152 | D        | Noticed a fleshlord
   155 | D        | Noticed a tyrant
   155 | D        | Killed a fleshlord
   156 | D        | Noticed The Meatlord
   156 | D        | Noticed The Defiler
   156 | D        | Noticed a meat beast
   156 | D        | Killed a fleshlord
   156 | D        | Killed a meat beast
   157 | D        | Noticed a meat beast
   157 | D        | Noticed a dread
   157 | D        | Killed a dread
   158 | D        | Noticed a dread
   158 | D        | Killed a tyrant
   158 | D        | Noticed a meat beast
   159 | D        | HP: 12/320 [??? (10)]
   161 | D        | Noticed a fleshlord
   161 | D        | Noticed a fleshlord
   161 | D        | Killed a destroyer
   162 | D        | Noticed a meat beast
   162 | D        | Killed a meat beast
   163 | D        | Noticed a tyrant
   163 | D        | Noticed an accursed
   163 | D        | Killed a meat beast
   163 | D        | Killed a meat beast
   163 | D        | HP: 5/320 [??? (3)]
   164 | D        | Noticed a dread
   164 | D        | Killed a fleshlord
   165 | D        | Noticed a meat beast
   165 | D        | Annihilated by a fleshlord

Skill      XL: |  1  2  3  4  5  6  7  8  9 10 11 12 13 14 15 16 17 18 19 20 21 22 |
---------------+-------------------------------------------------------------------+-----
Fighting       | 10 13 14 17 20 21 24 27 | 27.0
Axes           | 16 20 21 22 24 25 26 27 | 27.0
Throwing       | 9 11 20 27 | 27.0
Dodging        | 16 20 21 22 24 25 26 27 | 27.0
Armour         | 6 12 15 17 20 23 27 | 27.0
Stealth        | 4 9 12 13 16 19 27 | 27.0
Invocations    | 6 12 15 17 20 23 27 | 27.0
Unarmed Combat | 1 21 27 | 27.0
Spellcasting   | 1 21 27 | 27.0

Action                   |  1- 3 |  4- 6 |  7- 9 | 10-12 | 13-15 | 16-18 | 19-21 | 22-24 | 25-27 || total
-------------------------+-------+-------+-------+-------+-------+-------+-------+-------+-------++-------
Melee: Executioner's axe |     1 |       |       |     1 |     4 |     4 |     7 |    12 |    87 ||   116
  Use: Potion            |       |       |       |       |       |       |       |       |     2 ||     2
 Stab: Distracted        |       |       |       |       |       |     1 |       |     1 |     5 ||     7
Armor: Leather armour    |       |       |       |       |       |       |       |       |     3 ||     3
Dodge: Dodged            |       |       |       |       |       |       |     1 |     1 |    12 ||    14
